Map: 2000 Atmospheres LE

Players

Strange - Winner!

  • Race: Protoss Protoss

SKillous

  • Race: Protoss Protoss

Event: DreamHack SC2 Masters 2021 Winter

VOD

Have the link to the VOD?

Description

Time

  • Played on: Oct. 1, 2021, noon
  • Length: 6:50

All games in this series

Show
View Real Time Build Order
Export as new Build Order

Strange Protoss - Winner!

Build Orders:  

Get SALT Encoding   

  12  0:00  Probe  
  13  0:12  Probe  
  14  0:16  Pylon  
  14  0:24  Probe (Chrono Boost)  
  16  0:36  Probe (Chrono Boost)  
  16  0:37  Gateway  
  16  0:41  Probe (Chrono Boost)  
  16  0:46  Assimilator  
  17  0:51  Probe  
  17  0:54  Assimilator  
  18  1:04  Probe (Chrono Boost)  
  19  1:07  Gateway  
  19  1:13  Probe (Chrono Boost)  
  19  1:18  Probe (Chrono Boost)  
  20  1:23  Cybernetics Core  
  21  1:30  Probe  
  22  1:36  Pylon  
  22  1:42  Probe  
  23  1:54  Probe  
  23  2:00  Stalker x2  
  28  2:02  Warp Gate  
  28  2:10  Shield Battery  
  28  2:16  Pylon  
  28  2:25  Pylon  
  28  2:33  Stalker  
  28  2:34  Stalker  
  32  2:58  Nexus  
  32  3:04  Sentry x2  
  36  3:13  Pylon  
  36  3:14  Probe  
  37  3:23  Robotics Facility  
  37  3:26  Probe  
  38  3:39  Probe  
  39  3:50  Adept x2  
  39  3:52  Probe  
  42  4:10  Immortal (Chrono Boost), Probe  
  47  4:18  Sentry x2  
  47  4:22  Probe x2  
  53  4:27  Pylon  
  53  4:34  Probe  
  54  4:39  Immortal (Chrono Boost)  
  58  4:48  Adept x2  
  60  4:53  Probe  
  60  4:54  Probe  
  62  5:00  Forge  
  62  5:04  Pylon  
  63  5:10  Warp Prism (Chrono Boost)  
  64  5:19  Probe x2  
  64  5:21  Sentry x2  
  70  5:30  Pylon  
  70  5:31  Probe x2  
  68  5:43  Probe x2  
  66  5:50  Stalker x2  
  66  5:55  Probe x2  
  66  5:56  Assimilator x2  
  72  6:07  Probe  
  72  6:08  Probe  
  74  6:15  Zealot x2  
  78  6:20  Probe  
  78  6:21  Probe  
  76  6:32  Probe  
  75  6:35  Adept x2  
  75  6:36  Probe  
  76  6:43  Gateway x2  
Show
View Real Time Build Order
Export as new Build Order

SKillous Protoss 

Build Orders:  

Get SALT Encoding   

  12  0:00  Probe  
  13  0:12  Probe  
  14  0:17  Pylon  
  14  0:24  Probe (Chrono Boost)  
  15  0:36  Probe (Chrono Boost)  
  15  0:38  Gateway  
  16  0:45  Probe (Chrono Boost)  
  16  0:46  Assimilator  
  17  0:51  Probe  
  17  0:55  Assimilator  
  18  1:03  Probe (Chrono Boost)  
  19  1:07  Gateway  
  19  1:12  Probe (Chrono Boost)  
  19  1:17  Probe (Chrono Boost)  
  20  1:25  Cybernetics Core  
  21  1:29  Probe  
  22  1:35  Pylon  
  22  1:41  Probe  
  23  1:53  Probe  
  24  2:02  Stalker, Warp Gate, Sentry  
  24  2:06  Pylon  
  24  2:07  Probe  
  29  2:19  Probe  
  30  2:29  Sentry  
  32  2:32  Stalker  
  32  2:35  Probe  
  34  2:50  Probe  
  35  2:55  Sentry  
  35  2:56  Nexus  
  37  3:03  Shield Battery  
  37  3:06  Probe  
  38  3:13  Pylon  
  38  3:18  Probe  
  39  3:31  Twilight Council, Probe  
  40  3:47  Probe (Chrono Boost)  
  41  3:52  Forge  
  41  3:58  Probe (Chrono Boost)  
  41  4:00  Stalker x2  
  41  4:01  Blink (Chrono Boost)  
  44  4:04  Probe (Chrono Boost)  
  43  4:11  Probe  
  43  4:16  Probe  
  45  4:23  Probe  
  45  4:24  Protoss Ground Weapons Level 1  
  46  4:28  Probe  
  46  4:30  Shield Battery  
  47  4:34  Stalker  
  47  4:35  Stalker  
  47  4:37  Probe  
  52  4:40  Probe  
  52  4:49  Probe  
  52  4:51  Pylon  
  52  4:52  Probe  
  54  5:01  Probe  
  54  5:04  Stalker x2, Probe  
  60  5:07  Shield Battery  
  60  5:09  Pylon  
  60  5:13  Probe  
  61  5:16  Shield Battery  
  61  5:17  Probe  
  62  5:25  Pylon  
  62  5:27  Stalker x2  
  62  5:28  Assimilator  
  66  5:32  Shield Battery  
  67  5:50  Probe  
  67  5:53  Gateway  
  67  5:55  Sentry  
  67  5:56  Gateway, Sentry  
  72  5:57  Gateway  
  72  6:03  Assimilator  
  71  6:05  Shield Battery  
  65  6:22  Probe x2  
  65  6:25  Stalker x2  
  36  6:34  Probe x2  

Tags
 
Add a new tag
Caveats
  • Supply blocks, unpowered buildings, or Contaminate may cause inaccurate times.
  • Supply counts are checked every 10 seconds.